 Dungeon Crawl Stone Soup version 0.23.0 (webtiles) character file.

Game seed: 13368591672359918713

168 Jethus the Charmwright (level 5, 0/41 HPs)
             Began as a Merfolk Skald on Feb 17, 2019.
             Succumbed to an adder's poison
             ... on level 3 of the Dungeon.
             The game lasted 00:12:49 (2616 turns).

Jethus the Charmwright (Merfolk Skald)              Turns: 2616, Time: 00:12:50

Health: 0/41       AC:  2    Str: 12    XL:     5   Next: 48%
Magic:  17/17      EV: 12    Int: 13    God:
Gold:   45         SH:  3    Dex: 13    Spells: 8/9 levels left

rFire    . . .     SeeInvis .   e - +3 whip (drain)
rCold    . . .     Gourm    .   k - +0 buckler
rNeg     . . .     Faith    .   f - -1 leather armour (curse)
rPois    .         Spirit   .   (no helmet)
rElec    .         Reflect  .   (no cloak)
rCorr    .         Harm     .   (no gloves)
MR       .....                  (no boots)
Stlth    +.........             (no amulet)
HPRegen  0.13/turn              i - ring of magical power
MPRegen  0.15/turn              h - +1 ring of slaying

@: lethally poisoned (0 -> -1)
A: change form in water, swift swim, stealthy swim
a: no special abilities


You were on level 3 of the Dungeon.
You were not hungry.

You visited 1 branch of the dungeon, and saw 3 of its levels.

You collected 45 gold pieces.

Inventory:

Hand Weapons
 a - a +0 falchion
 e - a +3 whip of draining (weapon)
Missiles
 l - 2 curare-tipped needles
Armour
 b - a +1 leather armour
 f - a cursed -1 leather armour (worn)
 k - a +0 buckler (worn)
Jewellery
 h - a +1 ring of slaying (right hand)
 i - a ring of magical power (left hand)
Scrolls
 j - 2 scrolls of identify
 m - 2 scrolls of enchant armour
Potions
 c - a potion of agility
 g - a potion of haste
Comestibles
 d - 5 rations
 n - a chunk of flesh


   Skills:
 + Level 3.0 Fighting
 - Level 2.2 Long Blades
 * Level 2.0 Maces & Flails
 + Level 1.3 Armour
 + Level 3.7 Dodging
 + Level 2.6 Spellcasting
 + Level 3.9 Charms


You had 8 spell levels left.
You knew the following spells:

 Your Spells              Type           Power        Failure   Level  Hunger
a - Infusion              Chrm           ##..         10%         1    #......

Your spell library contained the following spells:

 Spells                   Type           Power        Failure   Level  Hunger
 Song of Slaying          Chrm           ##......     16%         2    ###....
 Shroud of Golubria       Chrm/Tloc      #.........   34%         2    ###....
 Regeneration             Chrm/Necr      #.........   56%         3    ###....
 Spectral Weapon          Hex/Chrm       #.......     56%         3    ###....


Dungeon Overview and Level Annotations

Branches:
Dungeon (3/15)

Altars:


Message History

You start resting.
Your transformation is almost over.
You start resting.
* * * LOW HITPOINT WARNING * * *
You feel sick.
You start resting.
Your extra speed is starting to run out.
You start resting.
* * * LOW HITPOINT WARNING * * *
You feel sick.
You start resting.
You feel less wooden.
Your cursed -1 leather armour unmelds from your body.
You feel yourself slow down.
Okay, then.
This spell is quite dangerous to cast!
Memorise Regeneration, consuming 3 spell levels and leaving 5?
You start memorising the spell.
You continue memorising.
Your memorisation is interrupted.
You die...

###..####....[..#
#..........##.#.#
#...#....#.#.##.###
#...#.##.#.##.#...#
#...#.####.#.##...###
#...#...............#
###.###.............#
###>................+
#.....#.#@..........#
#.#.#.#..††.........#
#.....#....#####....#
#...###..<....##....#
#..............#....#
#....##........#....#
####....##........#########..
#..........÷.)...............
#..÷..........##############.


There were no monsters in sight!

Vanquished Creatures
  Natasha (thrice) (D:3)
  5 adders
  A worm (D:2)
  A dart slug (D:2)
  2 leopard geckos
  An orc (D:3)
  7 goblins
  4 hobgoblins
  7 kobolds
  2 ball pythons
  8 bats
  3 frilled lizards
  4 rats
48 creatures vanquished.

Notes
Turn   | Place    | Note
-------+----------+-------------------------------------------
     0 | D:1      | Jethus the Merfolk Skald began the quest for the Orb.
     0 | D:1      | Reached XP level 1. HP: 16/16 MP: 3/3
   217 | D:1      | Reached XP level 2. HP: 21/23 MP: 5/5
   713 | D:2      | Reached skill level 1 in Armour
   720 | D:2      | Reached XP level 3. HP: 28/28 MP: 6/6
   757 | D:2      | Reached skill level 1 in Maces & Flails
  1834 | D:3      | Reached XP level 4. HP: 34/34 MP: 7/7
  2148 | D:3      | Noticed Natasha
  2198 | D:3      | Killed Natasha
  2319 | D:3      | Noticed Natasha
  2322 | D:3      | Killed Natasha
  2322 | D:3      | Reached XP level 5. HP: 16/40 MP: 8/8
  2533 | D:3      | Noticed Natasha
  2541 | D:3      | Killed Natasha
  2592 | D:3      | HP: 3/61 [poisoned by an adder]
  2599 | D:3      | HP: 2/61 [poisoned by an adder]
  2604 | D:3      | HP: 2/61 [poisoned by an adder]
  2610 | D:3      | HP: 1/61 [poisoned by an adder]
  2616 | D:3      | Succumbed to an adder's poison

Skill      XL: |  1  2  3  4  5 |
---------------+----------------+-----
Dodging        | 3 |  3.7
Armour         | 1 |  1.3
Maces & Flails | 1 2 |  2.0
Fighting       | 3 |  3.0
Long Blades    | |  2.2
Spellcasting   | |  2.6
Charms         | |  3.9

Action                   |  1- 3 |  4- 6 || total
-------------------------+-------+-------++-------
Melee: Falchion          |    16 |       ||    16
       Whip              |    68 |    41 ||   109
       Unarmed           |       |    26 ||    26
 Cast: Infusion          |     1 |       ||     1
  Use: Scroll            |     4 |       ||     4
       Potion            |     3 |     3 ||     6
 Stab: Sleeping          |     1 |       ||     1
  Eat: Chunk             |     3 |     2 ||     5
Armor: Leather armour    |    20 |     6 ||    26
       Skin              |       |     5 ||     5
Dodge: Dodged            |    55 |    44 ||    99
Block: Buckler           |     1 |    12 ||    13
       Rpst.: Falchion   |     7 |       ||     7
